 Dungeon Crawl Stone Soup version 0.31-a0-246-g8cbcc1cb85 (webtiles) character file.

Game seed: 13755178225614362869

107 qw the Shooter (level 4, -1/36 HPs)
             Began as a Minotaur Hexslinger on July 12, 2023.
             Slain by an orc priest
             ... wielding a +0 short sword
              (3 damage)
             ... on level 3 of the Dungeon.
             The game lasted 00:00:45 (1582 turns).

qw the Shooter (Minotaur Hexslinger)                Turns: 1582, Time: 00:00:45

Health: -1/36      AC:  6    Str: 13    XL:     4   Next: 57%
Magic:  4/4        EV: 11    Int: 10    God:
Gold:   104        SH:  0    Dex: 14    Spells: 4/5 levels left

rFire   . . .        Y - +1 sling
rCold   . . .        (no shield)
rNeg    . . .        j - +0 ring mail
rPois   .            (helmet restricted)
rElec   .            (no cloak)
rCorr   .            (no gloves)
SInv    .            c - +0 pair of boots
Will    +....        (no amulet)
Stlth   +            h - ring of willpower
HPRegen 0.26/turn    (no ring)
MPRegen 0.09/turn

%: no passive effects
@: no status effects
A: horns 2, retaliatory headbutt
a: no special abilities


You were on level 3 of the Dungeon.
You visited 1 branch of the dungeon, and saw 3 of its levels.

You collected 104 gold pieces.


Innate Abilities, Weirdness & Mutations

You have a pair of horns on your head.
You reflexively headbutt those who attack you in melee.


   Skills:
 - Level 2.0 Fighting
 + Level 4.9 Ranged Weapons
 - Level 1.2 Armour
 - Level 2.1 Dodging
 - Level 1.0 Spellcasting
 - Level 2.0 Hexes


You had 4 spell levels left.
You knew the following spells:

 Your Spells              Type           Power      Damage    Failure   Level
a - Slow                  Hex            16%        N/A       32%         1

Your spell library contained the following spells:

 Spells                   Type           Power      Damage    Failure   Level
 Inner Flame              Hex/Fire       2%         N/A       82%         3
 Portal Projectile        Hex/Tloc       4%         N/A       82%         3
 Cause Fear               Hex            2%         N/A       97%         4

Inventory:

Hand Weapons
 Y - a +1 sling (weapon)
Armour
 c - a +0 pair of boots (worn)
 j - a +0 ring mail (worn)
Jewellery
 h - a ring of willpower (left hand)
Scrolls
 a - a scroll of identify
Potions
 d - a potion of enlightenment
 f - a potion of mutation
 i - a potion of might {unknown}

Dungeon Overview and Level Annotations

Branches:
Dungeon (3/15)

Altars:
Dithmenos


Message History

You shoot a sling bullet. The sling bullet hits the orc.
The orc is almost dead.
The orc barely misses you. You furiously retaliate!
You headbutt the orc.
You kill the orc!
The orc hits you with a +0 flail.
You shoot a sling bullet. The sling bullet hits the orc!
You kill the orc!
You shoot a sling bullet. The sling bullet hits the orc priest.
The orc priest is moderately wounded.
The orc priest barely misses you.
You shoot a sling bullet.
The sling bullet hits the orc priest but does no damage.
The orc priest is moderately wounded.
The orc priest hits you but does no damage.
A worm comes into view.
You shoot a sling bullet.
The sling bullet hits the orc priest but does no damage.
The orc priest is moderately wounded.
The orc priest hits you with a +0 short sword.
You shoot a sling bullet.
The sling bullet closely misses the orc priest.
The orc priest hits you with a +0 short sword.
The orc priest closely misses you.
You shoot a sling bullet. The sling bullet hits the orc priest.
The orc priest is severely wounded.
The orc priest mumbles some strange prayers to Beogh against you.
Beogh smites you!
You shoot a sling bullet.
The sling bullet closely misses the orc priest.
The orc priest hits you with a +0 short sword.
You shoot a sling bullet.
The sling bullet hits the orc priest but does no damage.
The orc priest is heavily wounded.
The orc priest mumbles some strange prayers to Beogh against you.
Beogh smites you!
You shoot a sling bullet.
The sling bullet hits the orc priest but does no damage.
The orc priest is heavily wounded.
The orc priest hits you with a +0 short sword. x2
You die...

.¤.¤_....¤
¤¤......
¤¤...¤¤¤
¤¤..... ¤?..¤
######¤.w####..
.......))...'..
#.@o# #..##
#..# ##.# #.#
#+# #.# #.# #.#
#.# #.# ##.##
#.# ###...##


You could see a worm and an orc priest.

Vanquished Creatures
  A gnoll (D:2)
  4 adders (D:2)
  A worm (D:2)
  3 orcs (D:3)
  2 ball pythons (D:1)
  6 endoplasms
  A giant cockroach (D:1)
  3 goblins
  6 hobgoblins
  4 jackals (D:1)
  3 quokkas
  6 bats
  5 frilled lizards
  2 kobolds (D:1)
  6 rats
53 creatures vanquished.

Notes
Turn   | Place    | Note
-------+----------+-------------------------------------------
     0 | D:1      | qw the Minotaur Hexslinger began the quest for the Orb.
     0 | D:1      | Reached XP level 1. HP: 16/16 MP: 1/1
     0 | D:1      | 0 ||| qw: Version: 0.3-a-52-g30416fa
     0 | D:1      | 0 ||| qw: Game counter: 6443
     0 | D:1      | 0 ||| qw: Melee chars always use a shield: true
     0 | D:1      | 0 ||| qw: God list: Okawaru
     0 | D:1      | 0 ||| qw: Allow faded altars: false
     0 | D:1      | 0 ||| qw: Do Orc after clearing Dungeon:15 true
     0 | D:1      | 0 ||| qw: Do second Lair branch before Depths: true
     0 | D:1      | 0 ||| qw: Lair rune preference: random
     0 | D:1      | 0 ||| qw: Goals: Normal
     0 | D:1      | 0 ||| PLANNING D:1-11
   109 | D:1      | Reached skill level 3 in Ranged Weapons
   128 | D:1      | Reached XP level 2. HP: 13/23 MP: 2/2
   275 | D:1      | 275 ||| FLEEEEING.
   449 | D:1      | Reached XP level 3. HP: 29/29 MP: 3/3
   666 | D:1      | 666 ||| UPGRADING to +0 leather armour.
   676 | D:1      | 676 ||| DROPPING +0 robe.
   677 | D:1      | 677 ||| UPGRADING to +0 ring mail.
   687 | D:1      | 687 ||| DROPPING +0 leather armour.
   688 | D:1      | 688 ||| UPGRADING to ring of willpower.
   689 | D:1      | 689 ||| READING scroll labelled JAECLO EBIKA.
   690 | D:1      | 690 ||| DROPPING scroll of poison.
   759 | D:2      | Reached skill level 4 in Ranged Weapons
   809 | D:2      | Reached skill level 1 in Armour
   823 | D:2      | Reached XP level 4. HP: 27/36 MP: 4/4
  1494 | D:2      | 1494 ||| UPGRADING to +0 pair of boots.
  1499 | D:2      | 1499 ||| READING scroll labelled ZILOSKODUT.
  1504 | D:2      | 1504 ||| READING scroll labelled WAAJYGE SEESO.
  1505 | D:2      | 1505 ||| READING scroll labelled KOTEB YKHLIRIO.
  1506 | D:2      | 1506 ||| DRINKING 2 inky potions.
  1507 | D:2      | 1507 ||| READING 2 scrolls of identify.
  1507 | D:2      | 1507 ||| IDENTIFYING orange potion
  1564 | D:3      | Found a shadowy altar of Dithmenos.
  1581 | D:3      | HP: 7/36 [orc priest/divine providence (12)]
  1582 | D:3      | HP: 2/36 [orc priest/+0 short sword (5)]
  1582 | D:3      | Slain by an orc priest

Levels and vault maps discovered:
D:1:      minmay_arrival_three_doors, layout_rooms
D:2:      minmay_recursive_quarters, layout_loops_ring, minivault_23,
          minmay_tetromino_i4
D:3:      layout_loops_corners, mainiacjoe_overflow_catwalk_spiral,
          nicolae_dithmenos_the_darkroom, uniq_ijyb

Skill      XL: |  1  2  3 |
---------------+----------+-----
Ranged Weapons | 3 4 |  4.9
Fighting       | 2 |  2.0
Armour         | 1 |  1.2
Dodging        | |  2.1
Spellcasting   | |  1.0
Hexes          | |  2.0

Action                     |  1- 3 |  4- 6 || total
---------------------------+-------+-------++-------
   Fire: Sling             |   123 |    65 ||   188
    Use: Scroll            |     1 |     4 ||     5
         Potion            |       |     1 ||     1
 Armour: Robe              |     3 |       ||     3
         Ring mail         |    13 |    12 ||    25
  Dodge: Dodged            |    33 |    22 ||    55

Table legend:
 A = Non-vault XP
 B = Vault XP
 C = Vault XP percentage of total XP
 D = Non-vault monster count
 E = Vault monster count
 F = Vault count percentage of total count
                 A         B        C        D         E       F
            +---------+---------+-------+---------+---------+-------
      Total |      95 |      59 |  38.3 |      46 |       7 |  13.2
            +---------+---------+-------+---------+---------+-------
        D:1 |      47 |       0 |   0.0 |      28 |       0 |   0.0
        D:2 |      37 |      59 |  61.5 |      14 |       7 |  33.3
        D:3 |      11 |       0 |   0.0 |       4 |       0 |   0.0
            +---------+---------+-------+---------+---------+-------
